 Dungeon Crawl Stone Soup version 0.30.1-11-g7821555f0a (webtiles) character file.

Game seed: 2832646251518155838

72102 Dordric the Apostle (level 15, -25/123 HPs)
             Began as a Hill Orc Fighter on Nov 2, 2023.
             Was a High Priest of Beogh.
             Killed from afar by a merfolk aquamancer (49 damage)
             ... with a shard of ice
             ... on level 1 of the Shoals.
             The game lasted 00:50:03 (28343 turns).

Dordric the Apostle (Hill Orc Fighter)             Turns: 28343, Time: 00:50:04

Health: -25/123    AC: 22    Str: 27    XL:     15   Next: 38%
Magic:  32/32      EV:  7    Int:  8    God:    Beogh [*****.]
Gold:   2104       SH:  0    Dex: 10    Spells: 14/14 levels left

rFire   . . .        S - +2 battleaxe (freeze)
rCold   . . .        (shield currently unavailable)
rNeg    . . .        W - +2 plate armour
rPois   .            s - +2 helmet
rElec   .            (no cloak)
rCorr   .            U - +2 pair of gloves
SInv    .            (no boots)
Will    ++...        r - amulet of faith Stlth
                     D - +4 ring of slaying
HPRegen 0.40/turn    q - ring of willpower
MPRegen 0.23/turn

%: faith
@: no status effects
A: walk on water
a: Renounce Religion, Smiting, Recall Orcish Followers, Give Item to Named
Follower


You were on level 1 of the Shoals.
You worshipped Beogh.
Beogh was extremely pleased with you.
You visited 4 branches of the dungeon, and saw 23 of its levels.

You collected 2104 gold pieces.

Inventory:

Hand Weapons
 a - a +1 war axe of flaming
 I - a +0 heavy battleaxe
 S - a +2 battleaxe of freezing (weapon)
 T - a +0 battleaxe
 X - a +0 demon trident of electrocution
 Y - the +6 quarterstaff of Dipp {heavy, rC+++ Dex-5}
   (You found it on level 4 of the Lair of Beasts)

   Dex:       It affects your dexterity (-5).
   rC:        It renders you almost immune to cold.
Missiles
 E - 2 throwing nets (quivered)
Armour
 c - a +1 buckler
 s - a +2 helmet (worn)
 U - a +2 pair of gloves (worn)
 W - a +2 plate armour (worn)
Jewellery
 d - a +6 ring of dexterity
 f - a ring of magical power
 j - a ring of flight
 l - a ring of positive energy
 q - a ring of willpower (right hand)
 r - an amulet of faith (around neck)
 u - a ring of ice
 y - a ring of protection from fire
 D - a +4 ring of slaying (left hand)
 G - a ring of willpower
 J - a +6 ring of strength
 L - a ring of see invisible
 P - an amulet of regeneration
 R - a +6 ring of dexterity
Wands
 z - a wand of flame (15)
 B - a wand of light (3)
 F - a wand of iceblast (22)
Scrolls
 b - 2 scrolls of poison
 e - 8 scrolls of teleportation
 p - 4 scrolls of vulnerability
 x - a scroll of fog
 A - 6 scrolls of amnesia
 C - 2 scrolls of fear
 H - 9 scrolls of identify
 K - 3 scrolls of enchant weapon
 M - 6 scrolls of blinking
 O - 3 scrolls of butterflies
Potions
 g - 9 potions of heal wounds
 h - a potion of ambrosia
 i - 11 potions of curing
 k - 4 potions of mutation
 m - 5 potions of attraction
 n - 2 potions of brilliance
 o - 3 potions of magic
 t - a potion of cancellation
 v - 7 potions of might
 w - 2 potions of flight
 N - 3 potions of haste
 Q - 3 potions of degeneration
 V - 2 potions of berserk rage


   Skills:
 + Level 8.6 Fighting
 + Level 16.3 Axes
 + Level 7.9 Armour
 - Level 3.2 Shields
 - Level 26.7 Invocations
 + Level 2.4 Evocations


You had 14 spell levels left.
You didn't know any spells.
Your spell library contained the following spells:

 Spells                   Type           Power      Damage    Failure   Level
 Foxfire                  Conj/Fire      0%         2x1d4     99%         1
 Freeze                   Ice            0%         1d3       99%         1
 Magic Dart               Conj           0%         1d3       99%         1
 Slow                     Hex            0%         N/A       99%         1
 Call Imp                 Summ           0%         N/A       100%        2
 Cigotuvi's Dreadful Rot  Necr/Pois/Air  0%         N/A       100%        2
 Confusing Touch          Hex            0%         N/A       100%        3
 Frozen Ramparts          Ice            0%         1d1       100%        3
 Hailstorm                Conj/Ice       0%         3d3       100%        3
 Mephitic Cloud           Conj/Pois/Air  0%         N/A       100%        3
 Portal Projectile        Hex/Tloc       0%         N/A       100%        3
 Tukima's Dance           Hex            0%         N/A       100%        3
 Vampiric Draining        Necr           0%         2d6       100%        3
 Anguish                  Hex/Necr       0%         N/A       100%        4
 Animate Armour           Summ/Erth      0%         N/A       100%        4
 Animate Dead             Necr           0%         N/A       100%        4
 Cause Fear               Hex            0%         N/A       100%        4
 Dispel Undead            Necr           0%         3d6       100%        4
 Blade Hands              Tmut           0%         N/A       100%        5
 Fireball                 Conj/Fire      0%         3d3       100%        5
 Iskenderun's Battlesphe  Conj           0%         2d6       100%        5
 Summon Forest            Summ/Tloc      0%         N/A       100%        5
 Death Channel            Necr           0%         N/A       100%        6
 Eringya's Noxious Bog    Tmut/Pois      0%         N/A       100%        6
 Iron Shot                Conj/Erth      0%         9d1       100%        6
 Plasma Beam              Fire/Air       0%         2x1d11    100%        6
 Starburst                Conj/Fire      0%         6d3       100%        6
 Enfeeble                 Hex            0%         N/A       100%        7
 Haunt                    Necr/Summ      0%         N/A       100%        7
 Spellforged Servitor     Conj/Summ      0%         N/A       100%        7
 Summon Hydra             Summ           0%         N/A       100%        7
 Infestation              Necr           0%         N/A       100%        8


Dungeon Overview and Level Annotations

Branches:
Dungeon (15/15)            Temple (0/1) D:5            Lair (5/5) D:10
 Shoals (1/4) Lair:2        Snake (0/4) Lair:2        Slime (0/5) Lair:5
    Orc (2/2) D:10            Elf (0/3) Orc:2        Vaults (0/5) D:14
 Depths (0/4) D:15

Altars:
Cheibriados
Fedhas
Makhleb
Sif Muna
Trog
Wu Jian
Jiyva
Lugonu

Shops:
Orc:2 =[!*

Portals:
Abyss: Lair:5
Pandemonium: Orc:2

Annotations:
D:6 1 runed translucent door, Nonny's ghost, novice TeCA
Lair:5 3 runed translucent doors, coolio's ghost, journeyman DsCj


Message History

Your orc knight throws a boomerang of dispersal.
The boomerang of dispersal hits the merfolk!
The merfolk blinks!
A merfolk aquamancer comes into view. It is wielding a +0 rapier.
The merfolk aquamancer shouts!
The merfolk aquamancer casts a spell at you.
The ball of steam misses you.
The merfolk hits you from afar with a +0 trident!
You are too injured to fight recklessly!
You are too injured to fight recklessly!
You are too injured to fight recklessly!
You are too injured to fight recklessly!
You are too injured to fight recklessly!
You are too injured to fight recklessly!
You are too injured to fight recklessly!
You are too injured to fight recklessly!
You are too injured to fight recklessly!
You are too injured to fight recklessly!
There are monsters nearby!
You are too injured to fight recklessly!
The merfolk hits you with a +0 trident!
Your orc sorcerer casts a spell.
You slice the merfolk!! You freeze the merfolk!
You kill the merfolk!
Beogh accepts your kill.
You hear a splash.
The merfolk hits you from afar with a +0 trident.
Your orc knight roars a battlecry!
Your orc sorcerer goes into a battle-frenzy!
The merfolk hits you but does no damage.
You hit the merfolk. You freeze the merfolk.
The merfolk is lightly wounded.
You hit the merfolk aquamancer. You freeze the merfolk aquamancer.
You are engulfed in a cloud of scalding steam.
The merfolk hits you with a +0 trident!
* * * LOW HITPOINT WARNING * * *
The merfolk aquamancer is engulfed in a cloud of scalding steam.
The merfolk aquamancer gestures at you while chanting.
The shard of ice hits you!!!
You die...

≈≈≈≈≈~~~~...~~....##oo..~~≈≈≈~~.
≈≈≈≈≈~~~.~..............~~≈≈~...
≈≈≈~~~~.≈~..###........~≈≈≈~~...
≈≈≈~~~≈≈≈≈.####...(...~≈≈≈≈≈~~..
≈≈~~~~≈≈≈≈.# #.......≈≈≈≈≈≈≈~~.
≈~~~~≈≈≈≈≈.####§~~..≈≈≈≈~≈≈≈~~
≈~~~~~~≈≈~...#..§...~≈≈~.~~..
≈≈~~~.~~.~~....m.m.≈≈≈≈≈~....
≈≈~~~~)~......#.@..~≈≈≈≈~~~~
≈≈≈~~~..~....#§§...~~~≈≈
≈≈≈≈~~~~~....4~o≈)....≈≈
≈≈≈≈≈~~~~)...o.≈≈≈≈~..~≈
≈≈≈≈≈≈~~~~~...~.≈≈≈~~~~~
≈≈≈≈≈≈≈≈~)~~[.≈≈≈~~≈≈≈≈~
≈≈≈≈≈≈≈≈~~~...~≈≈≈.~≈≈≈≈
≈≈≈≈≈≈≈≈~~~~.)†~≈~~~~≈≈≈
≈≈≈≈≈≈≈≈≈~~~~!.~~~..~≈≈≈


You could see a merfolk aquamancer, a merfolk (ally target), a friendly orc
knight, a friendly ice devil (summoned) and a friendly orc sorcerer (strong).

Vanquished Creatures
  A frost giant (D:15)
  3 slime creatures
  2 vault guards (D:14)
  4 hydras
  A demonspawn (Orc:2)
  3 boulder beetles
  A tengu warrior (D:15)
  2 orc high priests (Orc:2)
  3 sea snakes (Shoals:1)
  A deep elf pyromancer (D:14)
  An orc knight (D:15)
  5 ugly things
  2 orc sorcerers (Orc:2)
  A faun (Shoals:1)
  A merfolk siren (Shoals:1)
  3 cyclopes
  3 manticores
  3 elephants (Lair:5)
  A smoke demon (Orc:2)
  A black mamba (Lair:2)
  2 torpor snails
  4 cane toads
  An unseen horror (D:13)
  4 rime drakes
  A komodo dragon (Lair:1)
  A red devil (Orc:2)
  2 merfolk
  A polar bear (Lair:4)
  2 trolls
  2 meliai (D:13)
  A tarantella (shapeshifter) (D:14)
  5 blink frogs (Lair:5)
  A snapping turtle (Shoals:1)
  4 dream sheep
  Sigmund (D:2)
  A spriggan (Lair:5)
  A yak (shapeshifter) (D:15)
  4 small abominations (Lair:5)
  A wraith (D:9)
  29 yaks
  A human (D:14)
  A vampire (D:13)
  2 wyverns
  A vampire mosquito (D:14)
  3 basilisks
  A warg (Orc:2)
  8 water moccasins
  Duvessa (D:5)
  5 orc warriors
  2 ice beasts (D:7)
  5 ogres
  10 wolves
  3 centaurs
  A necrophage (D:4)
  2 kobold brigands
  2 scorpions
  4 bullfrogs
  Dowan (D:5)
  5 howler monkeys
  A hound (D:5)
  4 jellies
  3 orc priests
  2 sleepcaps (D:6)
  2 gnoll boudas
  3 iguanas
  A hell rat (Lair:2)
  A hound skeleton (D:4)
  5 adders
  31 gnolls
  3 shadow imps
  2 white imps
  An ufetubus (D:5)
  A worm (D:2)
  2 dart slugs (D:2)
  19 orcs
  4 ball pythons
  8 bats
  4 endoplasms
  39 goblins
  21 hobgoblins
  7 jackals (D:2)
  20 kobolds
  2 quokkas (D:2)
  8 frilled lizards
  4 rats
366 creatures vanquished.

Vanquished Creatures (collateral kills)
  A kraken (Shoals:1)
  An orc warlord (Orc:2)
  Fannar (D:10)
  A rakshasa (D:15)
  A hydra (Lair:4)
  A merfolk avatar (Shoals:1)
  A catoblepas (D:15)
  2 centaur warriors
  2 demonspawn (Orc:2)
  Erica (Lair:1)
  3 two-headed ogres
  An alligator snapping turtle (Shoals:1)
  7 boulder beetles
  3 death yaks
  3 tengu warriors
  3 thrashing horrors (Lair:5)
  2 orc high priests (Orc:2)
  A soul eater (Orc:2)
  A sea snake (Shoals:1)
  4 orc knights
  2 deep elf pyromancers
  3 harpies (Shoals:1)
  3 manticores (Shoals:1)
  5 ugly things
  2 orc sorcerers (Orc:2)
  10 elephants
  2 fauns (Shoals:1)
  A cyclops (D:15)
  4 black mambas
  A merfolk siren (Shoals:1)
  A water nymph (Shoals:1)
  An orange demon (Orc:2)
  10 cane toads
  3 smoke demons
  An unseen horror (D:10)
  An efreet (D:15)
  7 rime drakes
  A kobold demonologist (D:10)
  A yaktaur (D:15)
  2 komodo dragons
  3 ancient zymes (Lair:5)
  A meliai (D:13)
  A queen bee (shapeshifter) (D:13)
  A polar bear (Lair:5)
  5 trolls
  12 blink frogs
  A large abomination (Lair:5)
  3 dream sheep
  A jumping spider (shapeshifter) (D:14)
  4 slime creatures
  A snapping turtle (Shoals:1)
  2 ynoxinuls (Lair:5)
  A spriggan (Lair:5)
  A wyvern (Lair:4)
  35 yaks
  A wraith (D:13)
  2 basilisks
  2 chaos spawn (Lair:5)
  8 humans (D:14)
  2 steam dragons (D:9)
  2 water elementals (Shoals:1)
  9 small abominations (Lair:5)
  8 vampire mosquitoes
  4 wargs (D:15)
  2 acid dragons
  8 water moccasins
  5 orc warriors
  2 ogres (Orc:2)
  2 black bears (D:10)
  A centaur (D:14)
  12 wolves
  2 kobold brigands (D:9)
  8 bullfrogs
  3 electric eels
  2 howler monkeys
  A gnoll bouda (D:10)
  9 orc priests
  6 orc wizards
  6 hell rats (Lair:2)
  2 gnolls (D:10)
  A dart slug (D:12)
  11 orcs
  4 kobolds (D:9)
  A tentacle (Shoals:1)
299 creatures vanquished.

Vanquished Creatures (others)
  An orc warlord (Orc:2)
  9 orc knights
  An orc high priest (Orc:2)
  3 orc sorcerers (Orc:2)
  10 orc warriors
  A human (D:14)
  14 orc priests
  9 orc wizards
  32 orcs
  6 tentacles (Shoals:1)
86 creatures vanquished.

Grand Total: 751 creatures vanquished

Notes
Turn   | Place    | Note
-------+----------+-------------------------------------------
     0 | D:1      | Dordric the Hill Orc Fighter began the quest for the Orb.
     0 | D:1      | Reached XP level 1. HP: 19/19 MP: 1/1
   114 | D:1      | Reached XP level 2. HP: 26/26 MP: 2/2
   796 | D:2      | Reached XP level 3. HP: 31/31 MP: 3/3
   848 | D:2      | Noticed Sigmund
   866 | D:2      | Killed Sigmund
   867 | D:2      | Reached XP level 4. HP: 10/39 MP: 4/4
   867 | D:2      | Reached XP level 5. HP: 11/45 MP: 5/5
  1354 | D:2      | Identified the +3 leather armour "Icsotey" {Drain rElec rN+
                  | Will+}
  1360 | D:2      | Reached XP level 6. HP: 42/51 MP: 6/6
  1734 | D:3      | Identified the +8 dagger "Ahelupn" {spect, +Blink rElec}
  1761 | D:3      | You are sucked into a shaft and drop 1 floor!
  1841 | D:4      | Became a worshipper of Beogh the Brigand
  1914 | D:4      | Found a burning altar of Makhleb.
  2379 | D:4      | Reached * piety under Beogh
  2425 | D:4      | Reached XP level 7. HP: 44/57 MP: 7/7
  2546 | D:4      | Reached ** piety under Beogh
  2935 | D:4      | Reached skill level 10 in Axes
  2985 | D:4      | HP: 2/50 [gnoll/+0 club (4)]
  3214 | D:5      | Entered Level 5 of the Dungeon
  3214 | D:5      | Noticed Duvessa
  3214 | D:5      | Noticed Dowan
  3232 | D:5      | Killed Duvessa
  3301 | D:5      | Killed Dowan
  3584 | D:5      | Reached XP level 8. HP: 64/64 MP: 8/8
  3608 | D:5      | Reached skill level 1 in Invocations
  3786 | D:5      | Reached skill level 2 in Invocations
  3933 | D:5      | Found a staircase to the Ecumenical Temple.
  4019 | D:5      | Reached skill level 3 in Invocations
  4268 | D:6      | Reached skill level 4 in Invocations
  4447 | D:6      | Found a bloodstained altar of Trog.
  4521 | D:6      | Reached skill level 5 in Invocations
  4701 | D:6      | Found a runed translucent door.
  4726 | D:6      | Noticed Nonny's ghost (novice TeCA)
  4734 | D:6      | Reached *** piety under Beogh
  5017 | D:7      | Reached skill level 6 in Invocations
  5017 | D:7      | Reached XP level 9. HP: 57/70 MP: 13/13
  5232 | D:7      | Reached skill level 7 in Invocations
  5438 | D:7      | Found a blossoming altar of Fedhas.
  6700 | D:8      | Reached skill level 8 in Invocations
  6731 | D:8      | Found an ornate altar of the Wu Jian Council.
  7114 | D:9      | Reached skill level 9 in Invocations
  7365 | D:9      | Reached **** piety under Beogh
  7430 | D:9      | Reached XP level 10. HP: 63/77 MP: 15/17
  7432 | D:9      | Reached skill level 15 in Axes
  7438 | D:9      | Reached skill level 10 in Invocations
  7448 | D:9      | Gained Warbeogh as an ally
  7470 | D:9      | Reached skill level 11 in Invocations
  8122 | D:9      | Reached skill level 12 in Invocations
  8352 | D:10     | Entered Level 10 of the Dungeon
  8426 | D:10     | Gained Boldo as an ally
  8437 | D:10     | Found a staircase to the Lair.
  8457 | D:10     | Noticed a two-headed ogre
  8462 | D:10     | Killed a two-headed ogre
  8463 | D:10     | Reached skill level 13 in Invocations
  8593 | D:10     | Noticed Fannar
  8599 | D:10     | Killed Fannar
  8600 | D:10     | Reached skill level 14 in Invocations
  8600 | D:10     | Reached XP level 11. HP: 82/82 MP: 14/21
  8673 | D:10     | Found a shimmering blue altar of Sif Muna.
  8848 | D:10     | Gained Rocco as an ally
  8932 | D:10     | Found a staircase to the Orcish Mines.
  9315 | D:11     | Reached skill level 15 in Invocations
  9487 | D:11     | Noticed a cyclops
  9494 | D:11     | Killed a cyclops
  9699 | D:11     | Reached skill level 16 in Invocations
 10149 | D:12     | Noticed a purple ugly thing
 10154 | D:12     | Killed a purple ugly thing
 10367 | Lair:1   | Entered Level 1 of the Lair of Beasts
 10683 | Lair:1   | Identified the +5 sling of Unot Xucru {speed, +Blink Fly
                  | MP+9}
 10693 | Lair:1   | Reached skill level 17 in Invocations
 11367 | Lair:1   | Noticed a boulder beetle
 11375 | Lair:1   | Killed a boulder beetle
 11376 | Lair:1   | Reached skill level 18 in Invocations
 11377 | Lair:1   | Your ally Warbeogh died
 11379 | Lair:1   | Killed Erica
 11380 | Lair:1   | Reached XP level 12. HP: 50/90 MP: 23/25
 11934 | Lair:2   | Reached ***** piety under Beogh
 12702 | Lair:2   | You fall into a shaft and drop 2 floors!
 12816 | Lair:4   | Reached skill level 19 in Invocations
 12997 | Lair:3   | Found a gate leading to a gauntlet.
 13020 | Lair:3   | Noticed a five-headed hydra
 13027 | Lair:3   | Killed a six-headed hydra
 13322 | Lair:3   | Noticed a four-headed hydra
 13324 | Lair:3   | Killed a four-headed hydra
 13325 | Lair:3   | Reached skill level 20 in Invocations
 13782 | Lair:2   | Found a staircase to the Snake Pit.
 13968 | Lair:2   | Noticed a five-headed hydra
 13972 | Lair:2   | Killed a three-headed hydra
 14126 | Lair:2   | Reached skill level 21 in Invocations
 14580 | Lair:2   | Reached XP level 13. HP: 48/95 MP: 27/27
 14889 | Lair:2   | Found a staircase to the Shoals.
 15233 | Lair:3   | Reached skill level 22 in Invocations
 16108 | Lair:4   | Identified the +6 quarterstaff of Dipp {heavy, rC+++ Dex-5}
 16930 | Lair:5   | Entered Level 5 of the Lair of Beasts
 17040 | Lair:5   | Found a runed translucent gate.
 17040 | Lair:5   | Found a runed translucent gate.
 17043 | Lair:5   | Found a runed translucent gate.
 17259 | Lair:5   | Reached skill level 23 in Invocations
 17522 | Lair:5   | Noticed coolio's ghost (journeyman DsCj)
 17984 | Lair:5   | Gained Hilgar as an ally
 17987 | Lair:5   | Reached ****** piety under Beogh
 18325 | Lair:5   | Reached skill level 24 in Invocations
 18754 | Lair:5   | Found a corrupted altar of Lugonu.
 18754 | Lair:5   | Found a one-way gate to the infinite horrors of the Abyss.
 18921 | Lair:5   | Found a viscous altar of Jiyva.
 18921 | Lair:5   | Found a staircase to the Slime Pits.
 19370 | Orc:1    | Entered Level 1 of the Orcish Mines
 19510 | Orc:2    | Entered Level 2 of the Orcish Mines
 19876 | Orc:2    | Noticed an orc warlord
 19885 | Orc:2    | Killed an orc warlord
 19886 | Orc:2    | Reached XP level 14. HP: 83/99 MP: 26/30
 19952 | Orc:2    | Found a staircase to the Elven Halls.
 20014 | Orc:2    | Paralysed by an orc sorcerer for 5 turns
 20045 | Orc:2    | Gained Oruk as an ally
 20046 | Orc:2    | Reached skill level 25 in Invocations
 20049 | Orc:2    | Found Esogyrhi's General Store.
 20052 | Orc:2    | Found Lyacaof's Distillery.
 20999 | Orc:2    | Your ally Hilgar died
 21009 | Orc:2    | Your ally Rocco died
 21646 | Orc:2    | Found Xaiq's Antique Armour Shop.
 21646 | Orc:2    | Found Ojofoum's Jewellery Boutique.
 21647 | Orc:2    | Found a one-way gate leading to the halls of Pandemonium.
 21651 | Orc:2    | Paralysed by an orc sorcerer for 5 turns
 22163 | D:12     | Reached skill level 26 in Invocations
 22577 | D:12     | Found a snail-covered altar of Cheibriados.
 22972 | D:13     | Your ally Boldo died
 25237 | D:14     | Reached skill level 5 in Fighting
 25494 | D:14     | Reached skill level 5 in Armour
 25506 | D:14     | Gained Bogdan as an ally
 25528 | D:14     | Found a gate to the Vaults.
 25750 | D:15     | Entered Level 15 of the Dungeon
 26342 | D:15     | Reached XP level 15. HP: 82/117 MP: 32/32
 26945 | D:15     | Found a staircase to the Depths.
 26946 | D:15     | Noticed a frost giant
 26952 | D:15     | Killed a frost giant
 27641 | Shoals:1 | Entered Level 1 of the Shoals
 27707 | Shoals:1 | Reached skill level 1 in Evocations
 27919 | Shoals:1 | Noticed a kraken
 27921 | Shoals:1 | Killed a kraken
 28245 | Shoals:1 | Your ally Oruk died
 28253 | Shoals:1 | Your ally Bogdan died
 28302 | Shoals:1 | Identified the +0 scale mail of Pride {rPois Str-2 Dex+3}
 28343 | Shoals:1 | Killed from afar by a merfolk aquamancer

Illustrated notes

Levels and vault maps discovered:
D:1:      eino_arrival_water_star, layout_basic
D:2:      layout_loops_ring, kennysheep_boxes, uniq_sigmund
D:3:      layout_rooms, minmay_box_of_dots, uniq_grinder
D:4:      minmay_goblin_kobold_castle, layout_loops_cross,
          makhleb_blood_cavern_becter
D:5:      layout_cave_pools, minmay_temple_entry_junction,
          amcnicky_mini_corridor_feature, eino_tiny_chamber,
          minmay_misc_feat_encased, uniq_duvessa
D:6:      minmay_angry_zag, layout_basic, mainiacjoe_overflow_catwalk,
          ebering_ghost_sewer_d
D:7:      layout_loops_ring, nicolae_overflow_hidden_temple,
          mainiacjoe_overflow_alcove_1
D:8:      layout_basic, nicolae_wu_jian_immortal_techniques,
          dreamdust_princess_bridge
D:9:      layout_basic
D:10:     layout_small_grid, lemuel_blue_sif_altar,
          grunt_lair_entry_orc_guard_hut, orc_0_dummy, uniq_fannar
D:11:     layout_cave_pools, st_stairs_12
D:12:     layout_gridville, kennysheep_slug_shrine
D:13:     layout_rooms
D:14:     layout_stronghold, ximxim_vaults_locker_room, nicolae_two_hexagons,
          grunt_ministairs_2
D:15:     grunt_enter_depths_snipers, layout_cave_pods, grunt_ministairs_2,
          chequers_serial_rivers_room_a, nooodl_orcs_dogs
Lair:1:   layout_gridlike, chequers_serial_rivers_micro_b, beast_lair_carwin_10,
          infiniplex_staircase_pool_2, lemuel_fruit_fields, uniq_erica
Lair:2:   layout_chaotic_city, elwin_shoals_entry_rooms, dummy_snake_entry,
          grunt_megastairs_4, serial_bayou_shore_a
Lair:3:   layout_hall_layers, gauntlet_entry_generic
Lair:4:   layout_loops_ring, st_stairs_10, minmay_lair_drake_nest,
          infiniplex_staircase_pool, grunt_megastairs_3
Lair:5:   hellmonk_lair_end_abyssal_woods, layout_cave_pods,
          dpeg_slime_entry_enclosed, gammafunk_ghost_icy, lemuel_fruit_tree
Shoals:1: layout_shoals, nicolae_shoals_siren_and_animal_friends
Orc:1:    layout_caves
Orc:2:    pf_orc_diabolical, layout_diamond_mine, nicolae_orc_damp_corner

Skill      XL: |  1  2  3  4  5  6  7  8  9 10 11 12 13 14 15 |
---------------+----------------------------------------------+-----
Axes           | 3 4 7 8 9 11 13 14 16 | 16.3
Invocations    | 6 9 14 18 21 24 26 | 26.7
Fighting       | 6 8 |  8.6
Armour         | 6 7 |  7.9
Evocations     | 2 |  2.4
Shields        | |  3.2

Action                     |  1- 3 |  4- 6 |  7- 9 | 10-12 | 13-15 || total
---------------------------+-------+-------+-------+-------+-------++-------
  Melee: War axe           |    86 |    87 |   265 |   301 |   368 ||  1107
         Dagger            |       |    76 |    49 |       |       ||   125
         Battleaxe         |       |       |       |       |    78 ||    78
 Invoke: Convert to Beogh  |       |     1 |       |       |       ||     1
         Smiting           |       |       |       |     9 |    20 ||    29
         Recall Orcish Fol |       |       |       |     4 |    22 ||    26
         Give Item to Name |       |       |       |     2 |     3 ||     5
    Use: Potion            |     1 |       |     3 |       |     4 ||     8
         Scroll            |       |     2 |    10 |       |    16 ||    28
   Stab: Distracted        |       |       |       |     1 |     3 ||     4
         Paralysed         |       |       |       |       |     3 ||     3
 Armour: Scale mail        |    40 |     9 |       |       |       ||    49
         Leather armour    |       |    46 |     6 |       |       ||    52
         Chain mail        |       |       |   120 |    13 |       ||   133
         Plate armour      |       |       |       |   108 |   226 ||   334
  Dodge: Dodged            |    33 |    75 |    88 |    62 |   110 ||   368
  Block: Buckler           |    14 |    28 |    75 |    55 |    69 ||   241
